 Dungeon Crawl Stone Soup version 0.29-a0-422-gafbd6decc1 (webtiles) character file.

Game seed: 4308084199663589955

28877 Pelinal the Spry (level 13, -3/79 HPs)
             Began as a Merfolk Ice Elementalist on May 19, 2022.
             Was a Believer of Ashenzari.
             Slain by a seven-headed hydra (9 damage)
             ... on level 4 of the Lair of Beasts.
             The game lasted 00:46:53 (21933 turns).

Pelinal the Spry (Merfolk Ice Elementalist)        Turns: 21933, Time: 00:46:53

Health: -3/79      AC: 12    Str:  9    XL:     13   Next: 41%
Magic:  7/17       EV: 22    Int: 18    God:    Ashenzari [**....]
Gold:   838        SH:  0    Dex: 15    Spells: 11/18 levels left

rFire   . . .      SeeInvis +   r - +0 trident
rCold   . . .      Faith    .   (no shield)
rNeg    . . .      Spirit   .   k - +3 leather armour "Thunder Perfect Mind" {Will+, Self, Bglg} (curse)
rPois   +          Reflect  .   x - +1 hat of the Bound Seer {Alch, Bglg} (curse)
rElec   .          Harm     .   f - scarf "Chained Bitterness" {repulsion, Alch, Elem} (curse)
rCorr   .          Rampage  .   (no gloves)
Will    ++...                   (no boots)
Stlth   +++++.....              (no amulet)
HPRegen 0.23/turn               e - ring of willpower
MPRegen 0.15/turn               E - ring "Cosmic Embarrassment" {rPois, Fort, Cun} (curse)

@: ice-armoured, freezing walls, very slightly contaminated, repel missiles
A: (nimble swimmer 2), mertail
a: Renounce Religion, Curse Item, Shatter the Chains


You were on level 4 of the Lair of Beasts.
You worshipped Ashenzari.
Ashenzari was pleased with you.
You visited 3 branches of the dungeon, and saw 15 of its levels.

You collected 838 gold pieces.

Inventory:

Hand Weapons
 h - a +0 bardiche
 r - a +0 trident (weapon)
Missiles
 d - 5 boomerangs
 s - 31 poisoned darts (quivered)
 v - a throwing net
Armour
 f - the cursed scarf "Chained Bitterness" (worn) {repulsion, Alch, Elem}
   (You found it on level 1 of the Dungeon)

   It has a curse which improves the following skills: Alchemy: Poison Magic and
   Transmutations.
   Elements:  Fire Magic, Ice Magic, Air Magic and Earth Magic.
 k - the cursed +3 leather armour "Thunder Perfect Mind" (worn) {Will+, Self, Bglg}
   (You took it off Eustachio on level 6 of the Dungeon)

   It has a curse which improves the following skills: Introspection: Fighting
   and Spellcasting.
   Beguiling: Conjurations, Hexes and Translocations.
 n - a +0 hat of stealth
 x - the cursed +1 hat of the Bound Seer (worn) {Alch, Bglg}
   (You found it on level 3 of the Dungeon)

   It has a curse which improves the following skills: Alchemy: Poison Magic and
   Transmutations.
   Beguiling: Conjurations, Hexes and Translocations.
Jewellery
 e - a ring of willpower (left hand)
 A - an amulet of guardian spirit
 E - the cursed ring "Cosmic Embarrassment" (right hand) {rPois, Fort, Cun}
   (You found it on level 6 of the Dungeon)

   [ring of poison resistance]

   rPois:     It protects you from poison.
   It has a curse which improves the following skills: Fortitude: Armour and
   Shields.
   Cunning:   Dodging and Stealth.
 F - a ring of resist corrosion
Wands
 a - a wand of mindburst (7)
 o - a wand of iceblast (9)
 t - a wand of digging (2)
 K - a wand of flame (11)
Scrolls
 i - 2 scrolls of teleportation
 j - a scroll of fear
 p - 3 scrolls of vulnerability
 u - 5 scrolls of magic mapping
 w - 5 scrolls of amnesia
 B - a scroll of blinking
 D - a scroll of enchant armour
 H - 4 scrolls of enchant weapon
 N - a scroll of silence
Potions
 b - a potion of magic
 c - 2 potions of attraction
 g - 4 potions of brilliance
 l - 6 potions of lignification
 m - 3 potions of curing
 q - a potion of flight
 z - a potion of ambrosia
 C - a potion of haste
Miscellaneous
 G - a condenser vane (inert)
 J - a phantom mirror (inert)


   Skills:
 - Level 14.0 Polearms
 - Level 6.0 Throwing
 + Level 18.8(19.8) Dodging
 + Level 10.7(11.9) Stealth
 - Level 2.0(3.0) Spellcasting
 - Level 8.0(9.2) Ice Magic
 - Level 5.0 Evocations


You had 11 spell levels left.
You knew the following spells:

 Your Spells              Type           Power      Damage    Failure   Level
a - Freeze                Ice            100%       1d11      1%          1
b - Frozen Ramparts       Ice            72%        1d9       1%          3
c - Ozocubu's Armour      Ice            36%        N/A       1%          3

Your spell library contained the following spells:

 Spells                   Type           Power      Damage    Failure   Level
 Static Discharge         Conj/Air       3%         N/A       32%         2
 Wereblood                Tmut           3%         N/A       32%         2
 Hailstorm                Conj/Ice       19%        3d6       32%         4
 Sublimation of Blood     Necr           2%         N/A       34%         2
 Portal Projectile        Hex/Tloc       6%         N/A       54%         3
 Call Canine Familiar     Summ           2%         N/A       56%         3
 Leda's Liquefaction      Hex/Erth       1%         N/A       91%         4
 Sticky Flame             Conj/Fire      3%         2d3       91%         4
 Dispel Undead            Necr           2%         3d7       92%         4
 Blade Hands              Tmut           1%         N/A       99%         5
 Irradiate                Conj/Tmut      1%         3d13      99%         5
 Dragon Form              Tmut           1%         N/A       100%        7
 Summon Hydra             Summ           1%         N/A       100%        7


Dungeon Overview and Level Annotations

Branches:
Dungeon (10/15)            Temple (1/1) D:4            Lair (4/6) D:10
  Swamp (0/4) Lair:3          Orc (0/2) D:9
  Snake: Lair:2-4    Spider: Lair:2-4

Altars:
Ashenzari
Cheibriados
Dithmenos
Elyvilon
Fedhas
Gozag
Hepliaklqana
Kikubaaqudgha
Nemelex Xobeh
Okawaru
Qazlal
Ru
Trog
Uskayaw
Vehumet
Wu Jian
Xom
Yredelemnul
Zin
The Shining One

Shops:
D:2 [   D:7 *   D:8 :

Annotations:
D:5 1 runed translucent door
D:6 Dowan, Duvessa
D:10 exclusion: 2 skeletal warriors
Lair:1 exclusion: oklob plant
Lair:4 Kirke


Innate Abilities, Weirdness & Mutations

((You are very nimble when in or above water. (Stealth+, EV+, Speed+++)))
Your lower body shifts to a powerful aquatic tail in water.


Message History

You are too injured to fight recklessly!
Casting: Freeze (safe; 1% risk of failure)
Confirm with . or Enter, or press ? or * to list all spells.
Aiming: Freeze (safe; 1% risk of failure)
Press: ? - help, Shift-Dir - straight line, f/p - seven-headed hydra
Aim: a seven-headed hydra (severely wounded, slow)
You freeze the seven-headed hydra.
The seven-headed hydra is severely wounded.
The wall freezes the seven-headed hydra!
The seven-headed hydra seems to slow down.
The seven-headed hydra bites you!
The seven-headed hydra bites you but does no damage.
The seven-headed hydra bites you!
* * * LOW HITPOINT WARNING * * *
The seven-headed hydra bites you but does no damage.
The seven-headed hydra bites you!
* * * LOW HITPOINT WARNING * * *
The seven-headed hydra barely misses you.
The seven-headed hydra misses you.
Casting: Freeze (safe; 1% risk of failure)
Confirm with . or Enter, or press ? or * to list all spells.
Aiming: Freeze (safe; 1% risk of failure)
Press: ? - help, Shift-Dir - straight line, f/p - seven-headed hydra
Aim: a seven-headed hydra (severely wounded, slow)
You miscast Freeze.
You are very lightly contaminated with residual magic.
Nothing appears to happen.
Unknown command.
Unknown command.
Aiming: Mindburst
Press: ? - help, Shift-Dir - straight line, f/p - seven-headed hydra
Aim: a seven-headed hydra (severely wounded, slow, chance to affect: 50%)
The seven-headed hydra resists with some effort.
The wall freezes the seven-headed hydra!
The seven-headed hydra seems to slow down.
The seven-headed hydra bites you!
* * * LOW HITPOINT WARNING * * *
The seven-headed hydra closely misses you. x2
The seven-headed hydra bites you!
You die...

, $...D..........P , .
.............. * ... ..
............. ....
...,............ ....,,
.... ........., .... ,
..... ....... * .P#
......#.#+.#* , * .#####
........#D.## *
.....#......###.@#.##
.....#......###.....#* *
..#, #......##.....# ..+
#.....# ##...##* ..###
#.....###.#..### *
..#.###...>.##.#....P..
...............ยง.......#
.......................#
####..#.##.P####.P###P.#


You could see a seven-headed hydra (slow).

Vanquished Creatures
  Gastronok (D:8)
  2 hydras
  2 death yaks (Lair:2)
  2 anacondas (Lair:3)
  Erica (D:8)
  2 fire crabs (Lair:3)
  Pikel (D:8)
  Maurice (D:8)
  3 black mambas (Lair:3)
  Joseph (D:7)
  10 cane toads
  Maggie (D:8)
  Psyche (D:10)
  6 komodo dragons
  Grinder (D:6)
  2 trolls
  4 hornets
  3 blink frogs (Lair:3)
  Eustachio (D:6)
  3 basilisks (Lair:3)
  A wraith (D:9)
  6 wyverns
  36 yaks
  2 steam dragons
  A vampire mosquito (D:5)
  3 wargs (D:9)
  9 water moccasins
  3 ice beasts
  An orc warrior (D:9)
  5 black bears
  10 wolves
  8 centaurs
  3 ogres (D:5)
  A phantom (D:5)
  2 kobold brigands (D:7)
  A necrophage (D:6)
  7 bullfrogs
  A gnoll sergeant (D:8)
  4 scorpions (D:5)
  17 killer bees
  An electric eel (Lair:4)
  7 howler monkeys
  2 jellies
  6 orc priests
  An iron imp (D:9)
  5 iguanas
  3 orc wizards
  A hell rat (Lair:3)
  8 gnolls
  8 adders
  2 shadow imps (D:6)
  2 white imps
  7 worms
  28 orcs
  A bat (D:3)
  4 endoplasms
  9 giant cockroaches
  4 goblins
  2 hobgoblins
  12 kobolds
  2 quokkas (D:1)
  3 ball pythons
  5 frilled lizards
  9 rats
  2 butterflies (D:5)
303 creatures vanquished.

Vanquished Creatures (others)
  An orc wizard (D:4)
  45 fungi
  48 plants
94 creatures vanquished.

Grand Total: 397 creatures vanquished

Notes
Turn   | Place    | Note
-------+----------+-------------------------------------------
     0 | D:1      | Pelinal the Merfolk Ice Elementalist began the quest for
                  | the Orb.
     0 | D:1      | Reached XP level 1. HP: 13/13 MP: 3/3
   366 | D:1      | Reached XP level 2. HP: 19/19 MP: 1/5
   439 | D:1      | Reached skill level 5 in Ice Magic
  1383 | D:2      | Found Mack's Armour Emporium.
  1548 | D:2      | Reached XP level 3. HP: 24/24 MP: 3/6
  1606 | D:2      | Found a faded altar of an unknown god.
  2105 | D:2      | Found an ancient bone altar of Kikubaaqudgha.
  2623 | D:3      | Learned a level 3 spell: Frozen Ramparts
  2704 | D:3      | Reached XP level 4. HP: 14/30 MP: 2/7
  2964 | D:3      | Found an ornate altar of the Wu Jian Council.
  2971 | D:3      | Reached XP level 5. HP: 35/35 MP: 5/8
  3062 | D:3      | Found a hazy altar of Hepliaklqana.
  4161 | D:4      | Reached XP level 6. HP: 12/41 MP: 4/9
  4423 | D:4      | Noticed a steam dragon
  4435 | D:4      | Noticed a water moccasin
  4436 | D:4      | Killed a steam dragon
  4831 | D:4      | Reached XP level 7. HP: 40/46 MP: 6/10
  4844 | D:4      | Reached skill level 5 in Stealth
  4959 | D:4      | Found a staircase to the Ecumenical Temple.
  4982 | Temple   | Entered the Ecumenical Temple
  5044 | Temple   | Became a worshipper of Ashenzari the Shackled
  5451 | D:5      | Entered Level 5 of the Dungeon
  5826 | D:5      | Reached skill level 1 in Throwing
  5826 | D:5      | Reached skill level 1 in Evocations
  5826 | D:5      | Reached XP level 8. HP: 52/52 MP: 11/11
  5850 | D:5      | Learned a level 3 spell: Ozocubu's Armour
  6179 | D:5      | Found a runed translucent door.
  6181 | D:5      | Found a runed translucent door.
  6732 | D:5      | Reached XP level 9. HP: 57/57 MP: 12/12
  6979 | D:6      | Noticed Grinder
  7123 | D:6      | Reached * piety under Ashenzari
  7125 | D:6      | Noticed Eustachio
  7153 | D:6      | Killed Eustachio
  7359 | D:6      | Reached skill level 5 in Throwing
  7359 | D:6      | Reached skill level 5 in Evocations
  7412 | D:6      | Noticed Duvessa
  7412 | D:6      | Noticed Dowan
  7626 | D:6      | Found a stormy altar of Qazlal.
  7636 | D:6      | Found a blossoming altar of Fedhas.
  8295 | D:7      | Noticed Joseph
  8461 | D:6      | Killed Grinder
  8462 | D:6      | Reached skill level 3 in Dodging
  8634 | D:7      | Reached skill level 4 in Dodging
  8834 | D:7      | Reached ** piety under Ashenzari
  9041 | D:7      | Found an opulent altar of Gozag.
  9045 | D:7      | Found Gozag's Platinum Reserve.
  9163 | D:7      | Killed Joseph
  9164 | D:7      | Reached skill level 5 in Dodging
  9372 | D:7      | Noticed a hornet
  9378 | D:7      | Killed a hornet
  9379 | D:7      | Reached skill level 5 in Polearms
  9462 | D:7      | Reached skill level 6 in Dodging
  9462 | D:7      | Reached XP level 10. HP: 32/63 MP: 6/14
  9985 | D:7      | Found a bloodstained altar of Trog.
 10006 | D:7      | Found a glowing silver altar of Zin.
 10087 | D:7      | Reached skill level 7 in Dodging
 10210 | D:7      | Found a white marble altar of Elyvilon.
 10316 | D:8      | Noticed Maggie
 10348 | D:8      | Found Pyutzur's Book Shop.
 10808 | D:8      | Noticed Erica
 10839 | D:8      | Noticed Maurice
 10843 | D:8      | Noticed Pikel
 10852 | D:8      | Killed Pikel
 10853 | D:8      | Reached skill level 8 in Dodging
 10866 | D:8      | Killed Maurice
 11073 | D:8      | Noticed Gastronok
 11120 | D:8      | Killed Gastronok
 11121 | D:8      | Reached skill level 9 in Dodging
 11375 | D:8      | Found a sparkling altar of Nemelex Xobeh.
 11753 | D:8      | Killed Erica
 11754 | D:8      | Reached skill level 10 in Polearms
 11754 | D:8      | Reached skill level 10 in Dodging
 11754 | D:8      | Reached XP level 11. HP: 44/68 MP: 5/15
 11908 | D:8      | Killed Maggie
 12255 | D:9      | Found a staircase to the Orcish Mines.
 12584 | D:9      | Reached skill level 11 in Dodging
 13212 | D:9      | Found a snail-covered altar of Cheibriados.
 13760 | D:9      | Reached skill level 12 in Dodging
 14514 | D:10     | Entered Level 10 of the Dungeon
 14671 | D:10     | Noticed a skeletal warrior
 14672 | D:10     | Noticed a skeletal warrior
 14752 | D:10     | Noticed Psyche
 14769 | D:10     | Killed Psyche
 14793 | D:10     | Found a staircase to the Lair.
 14802 | Lair:1   | Entered Level 1 of the Lair of Beasts
 14823 | Lair:1   | Reached skill level 13 in Dodging
 15620 | Lair:1   | Reached XP level 12. HP: 51/74 MP: 6/16
 16339 | Lair:1   | Reached skill level 14 in Dodging
 17287 | Lair:2   | Noticed a death yak
 17298 | Lair:2   | Noticed a death yak
 17298 | Lair:2   | Noticed a death yak
 17299 | Lair:2   | Noticed a death yak
 17499 | Lair:2   | Noticed a death yak
 17517 | Lair:2   | Noticed a death yak
 17517 | Lair:2   | Noticed a death yak
 17518 | Lair:2   | Noticed a death yak
 17520 | Lair:2   | Noticed a death yak
 17523 | Lair:2   | Noticed a death yak
 17528 | Lair:2   | Killed a death yak
 17529 | Lair:2   | Reached skill level 15 in Dodging
 17546 | Lair:2   | Killed a death yak
 17554 | Lair:2   | HP: 2/74 [death yak (13)]
 18273 | Lair:3   | Found a staircase to the Swamp.
 18394 | Lair:3   | Noticed a four-headed hydra
 18411 | Lair:3   | Noticed an anaconda
 18422 | Lair:3   | Reached skill level 16 in Dodging
 19095 | Lair:3   | Killed an anaconda
 19096 | Lair:3   | Reached skill level 17 in Dodging
 19148 | Lair:3   | Reached XP level 13. HP: 11/79 MP: 1/17
 19536 | Lair:3   | Reached skill level 18 in Dodging
 20748 | Lair:3   | Reached skill level 10 in Stealth
 21290 | Lair:4   | Noticed Kirke
 21692 | Lair:4   | Identified the +0 leather armour of Bedevilment {rC+ rCorr
                  | Stlth-}
 21933 | Lair:4   | Slain by a seven-headed hydra

Illustrated notes

Levels and vault maps discovered:
D:1:      roderic_octagonal_star, layout_basic, kennysheep_boxes
D:2:      layout_basic, serial_shops, shop, shapermc_ecumenical_altar_gd,
          basic_altar
D:3:      layout_basic, lemuel_crystal_altar, old_standard_altar,
          serial_corexii_hall, chequers_hall_statues_wall_a,
          corexii_hall_statues_s, amcnicky_mini_corridor_feature
D:4:      layout_rooms, minmay_temple_entry_waves, nicolae_wormholes
D:5:      lemuel_insect_pit, layout_loops_ring, columned_hall_lemuel
D:6:      layout_gridville, grunt_temple_overflow_forces_of_nature,
          uniq_duvessa, uniq_grinder, uniq_eustachio
D:7:      layout_loops_cross, kennysheep_little_box, bloody_trog,
          lemuel_tele_altar, nicolae_gozag_zags_fifth_avenue, st_stairs_3,
          chequers_serial_rivers_large_b, dreamdust_mushroom_princess,
          uniq_joseph
D:8:      layout_basic, nemelex_xobeh_ov_fountains_minmay, serial_shops,
          nicolae_stop_n_shop_1, uniq_maurice, uniq_maggie, uniq_gastronok,
          uniq_erica, uniq_pikel
D:9:      layout_irregular_city, slow_altar_1, minmay_orc_entry_guard_dogs,
          serial_column_ruins, column_ruins_columns_dead_end,
          column_ruins_columns_straight, column_ruins_grid_3,
          column_ruins_open_small
D:10:     layout_gridville, jmf_multi_god_temple, lair_entry_dummy,
          nicolae_lava_and_water, uniq_psyche, uniq_erolcha, uniq_fannar
Temple:   compressed_dpeg_circular_temple
Lair:1:   layout_cave_pods, minmay_lair_oklob_bushes, grunt_megastairs_4
Lair:2:   layout_loops_ring
Lair:3:   layout_regular_city, swamp_mist, nicolae_lair_lakeside_cave,
          grunt_megastairs_1, lemuel_fruit_fields
Lair:4:   layout_regular_city, dummy_snake_entry, infiniplex_staircase_pool,
          uniq_kirke, uniq_nergalle

Skill      XL: |  1  2  3  4  5  6  7  8  9 10 11 12 13 |
---------------+----------------------------------------+-----
Ice Magic      | 5 6 7 8 |  8.0
Stealth        | 4 7 8 9 10 | 10.7
Throwing       | 1 3 6 |  6.0
Evocations     | 1 3 5 |  5.0
Polearms       | 5 10 13 14 | 14.0
Dodging        | 6 10 13 17 18 | 18.8
Spellcasting   | |  2.0

Action                   |  1- 3 |  4- 6 |  7- 9 | 10-12 | 13-15 || total
-------------------------+-------+-------+-------+-------+-------++-------
Melee: Dagger            |    24 |    31 |   142 |       |       ||   197
       Punch             |       |       |     1 |     6 |       ||     7
       Trident           |       |       |    28 |   536 |   109 ||   673
       Tailslap          |       |       |       |       |     5 ||     5
Throw: Dart              |       |       |       |    32 |    18 ||    50
       Throwing net      |       |       |       |     2 |       ||     2
       Boomerang         |       |       |       |     1 |       ||     1
 Cast: Freeze            |    33 |    26 |    55 |    61 |    25 ||   200
       Frozen Ramparts   |     1 |     8 |    19 |    72 |    17 ||   117
       Ozocubu's Armour  |       |       |    12 |    51 |    14 ||    77
Invok: Curse Item        |       |       |     3 |     1 |       ||     4
Evoke: Wand              |       |       |    11 |     8 |     4 ||    23
       Phantom mirror    |       |       |       |       |     1 ||     1
       Condenser vane    |       |       |       |       |     1 ||     1
  Use: Scroll            |       |     5 |       |     8 |     4 ||    17
       Potion            |       |       |     5 |     6 |       ||    11
 Stab: Sleeping          |     4 |     3 |     8 |     9 |     1 ||    25
       Distracted        |       |     1 |       |     2 |     1 ||     4
Armor: Robe              |     6 |     8 |    20 |       |       ||    34
       Skin              |       |       |     6 |       |       ||     6
       Leather armour    |       |       |    45 |   128 |    24 ||   197
Dodge: Dodged            |    22 |    39 |   142 |   376 |   149 ||   728
       Repelled          |       |       |     1 |     1 |     2 ||     4

Table legend: (Time is in decaauts)
 A = Elapsed time spent in this place.
 B = Non-inter-level travel time spent in this place.
 C = Inter-level travel time spent in this place.
 D = Time resting spent in this place.
 E = Time spent auto-exploring this place.
 F = Levels seen in this place.
 G = Mean time per level.
                   A        B        C        D        E       F      G
               +--------+--------+--------+--------+--------+-----+--------+
         Total |  21669 |  20731 |    938 |   6545 |  10380 |  15 | 1444.6 |
       Dungeon |  14644 |  13838 |    806 |   3668 |   7878 |  10 | 1464.4 |
        Temple |     86 |     73 |     13 |      0 |     64 |   1 |   86.0 |
          Lair |   6938 |   6819 |    119 |   2876 |   2437 |   4 | 1734.5 |
               +--------+--------+--------+--------+--------+-----+--------+

Top non-repeatable levels by time:
  Lair:3: 2906 daAuts
  Lair:1: 2597 daAuts
     D:9: 2275 daAuts
     D:8: 1941 daAuts
     D:3: 1821 daAuts
     D:6: 1697 daAuts
     D:7: 1667 daAuts
     D:5: 1445 daAuts
     D:2: 1291 daAuts
     D:1: 1281 daAuts
     D:4: 971 daAuts
  Lair:2: 748 daAuts
  Lair:4: 685 daAuts
    D:10: 250 daAuts
  Temple: 86 daAuts
